 Dungeon Sprint DCSS version 0.31-a0-1071-gaead2f62b1 (webtiles) character file.

Game seed: 9834488985256490922

3 rocky1 the Trooper (level 1, -2/39 HPs)
             Began as an Ogre Fighter on Nov 26, 2023.
             Was an Initiate of Gozag.
             Slain by a scorpion (6 damage)
             ... in the Dungeon (Sprint VII: "The Pits").
             The game lasted 00:00:20 (82 turns).

rocky1 the Trooper (Ogre Fighter)                     Turns: 82, Time: 00:00:22

Health: -2/39      AC:  3    Str: 19    XL:     1   Next: 50%
Magic:  1/1        EV:  8    Int:  9    God:    Gozag
Gold:   126        SH:  7    Dex:  8    Spells: 0/0 levels left

rFire   . . .        a - +0 flail
rCold   . . .        c - +0 kite shield
rNeg    . . .        b - +0 robe
rPois   .            (helmet restricted)
rElec   .            (no cloak)
rCorr   .            (gloves unavailable)
SInv    .            (boots unavailable)
Will    .....        (no amulet) Stlth
                     (no ring)
HPRegen 0.26/turn    (no ring)
MPRegen 0.07/turn

%: no teleportation
@: berserking, lethally poisoned (-2 -> -15), very quick
A: large, unfitting armour, tough skin 1
a: Renounce Religion, Potion Petition, Call Merchant, Bribe Branch


You were in the Dungeon.
You worshipped Gozag.
Gozag was aware of your devotion.
You visited 1 branch You collected 126 gold pieces.

Inventory:

Hand Weapons
 a - a +0 flail (weapon)
Armour
 b - a +0 robe (worn)
 c - a +0 kite shield (worn)
Scrolls
 j - a scroll of blinking
 l - 2 scrolls of vulnerability
 m - 5 scrolls of amnesia
 n - a scroll of summoning
Potions
 d - a potion of might
 g - a potion of haste
 h - 4 potions of magic
 i - 2 potions of berserk rage
 k - 2 potions of invisibility


   Skills:
 + Level 4.5 Fighting
 + Level 1.9 Maces & Flails
 + Level 3.1 Dodging
 + Level 3.4 Shields


You couldn't memorise any spells.
You didn't know any spells.
Your spell library was empty.

Dungeon Overview and Level Annotations

Branches:
Dungeon (1/1)

Altars:
Ashenzari
Cheibriados
Dithmenos
Elyvilon
Fedhas
Gozag
Hepliaklqana
Kikubaaqudgha
Makhleb
Nemelex Xobeh
Okawaru
Qazlal
Ru
Sif Muna
Trog
Uskayaw
Vehumet
Wu Jian
Xom
Yredelemnul
Zin
The Shining One
Jiyva
Lugonu


Innate Abilities, Weirdness & Mutations

You are too large for most types of armour.
You have tough skin. (AC +1)


Message History

The scorpion stings you but does no damage.
You feel better. The scorpion stings you.
You are poisoned.
The scorpion poisons you!
A red film seems to cover your vision as you go berserk!
You feel yourself moving faster!
You feel mighty!
You feel very sick. You block the scorpion's attack.
You hit the scorpion.
The scorpion is moderately wounded.
You feel sick. The scorpion stings you.
You are more poisoned.
The scorpion poisons you!
You sock the scorpion!
The scorpion is severely wounded.
You feel very sick. You block the scorpion's attack.
The scorpion stings you but does no damage.
You closely miss the scorpion.
The scorpion is severely wounded.
You feel very sick. The scorpion closely misses you.
You barely miss the scorpion.
The scorpion is severely wounded.
You feel very sick. The scorpion stings you.
You are lethally poisoned!
The scorpion poisons you!
You barely miss the scorpion.
The scorpion is severely wounded.
You feel very sick. The scorpion stings you.
* * * LOW HITPOINT WARNING * * *
You barely miss the scorpion.
The scorpion is severely wounded.
* * * LOW HITPOINT WARNING * * *
You feel very sick. The scorpion stings you.
You die...
Your body crumbles into a pile of gold.

#_________.#
#_______...###########
##########'##.........
#..(.')))'.##......#..
##########.##.........
#..........)'.........
#+#####'#####......#..
#.....# #.........
#..@..# ####'#####
###s### #.......#
#..Z..# #.......#
#.....# #.......#
####+## #...<...#
#.......# #.......#
#.......# #########


You could see a scorpion and a giant cockroach zombie.

Vanquished Creatures
  A bat zombie (D)
  A goblin (D)
  A rat (D)
3 creatures vanquished.

Notes
Turn   | Place    | Note
-------+----------+-------------------------------------------
     0 | D        | rocky1 the Ogre Fighter began the quest for the Orb.
     0 | D        | Reached XP level 1. HP: 24/24 MP: 1/1
    19 | D        | Found a bloodstained altar of Trog.
    19 | D        | Found a shimmering blue altar of Sif Muna.
    19 | D        | Found a viscous altar of Jiyva.
    19 | D        | Found a hazy altar of Hepliaklqana.
    19 | D        | Found an opulent altar of Gozag.
    20 | D        | Found a glowing golden altar of the Shining One.
    20 | D        | Found a glowing silver altar of Zin.
    20 | D        | Found a basalt altar of Yredelemnul.
    20 | D        | Found a shimmering altar of Xom.
    20 | D        | Found an ornate altar of the Wu Jian Council.
    20 | D        | Found a sacrificial altar of Ru.
    20 | D        | Found a stormy altar of Qazlal.
    20 | D        | Found an iron altar of Okawaru.
    20 | D        | Found a sparkling altar of Nemelex Xobeh.
    20 | D        | Found a burning altar of Makhleb.
    20 | D        | Found a blossoming altar of Fedhas.
    20 | D        | Found a white marble altar of Elyvilon.
    20 | D        | Found a shadowy altar of Dithmenos.
    20 | D        | Found a snail-covered altar of Cheibriados.
    23 | D        | Found a corrupted altar of Lugonu.
    23 | D        | Found a radiant altar of Vehumet.
    24 | D        | Found an ancient bone altar of Kikubaaqudgha.
    24 | D        | Found a hide-covered altar of Uskayaw.
    24 | D        | Found a broken altar of Ashenzari.
    27 | D        | Became a worshipper of Gozag Ym Sagoz the Greedy
    68 | D        | Noticed a scorpion
    82 | D        | Slain by a scorpion

Illustrated notes

Levels and vault maps discovered:
D:        pitsprint [storerooms_1, entrance_room_1, metal_vault_1, armoury_3,
          mini_pit_1, grid_room_1, main_hall_1, silver_pit, the_coven_3,
          the_vestibule_1, steel_vault_5, golden_pit, hallway_of_sentries,
          crystal_vault_1, iron_vault_2, final_vault]

Skill      XL: |  1 |
---------------+----+-----
Dodging        | 3 |  3.1
Fighting       | |  4.5
Maces & Flails | |  1.9
Shields        | |  3.4

Action                     || total
---------------------------++-------
  Melee: Flail             ||    13
    Use: Potion            ||     3
 Armour: Robe              ||    14
  Dodge: Dodged            ||     5
  Block: Kite shield       ||     5

Table legend: (Time is in decaauts)
 A = Elapsed time spent in this place.
 B = Non-inter-level travel time spent in this place.
 C = Inter-level travel time spent in this place.
 D = Time resting spent in this place.
 E = Time spent auto-exploring this place.
 F = Levels seen in this place.
 G = Mean time per level.
                   A        B        C        D        E       F      G
               +--------+--------+--------+--------+--------+-----+--------+
         Total |     84 |     84 |      0 |      0 |      0 |   1 |   84.0 |
       Dungeon |     84 |     84 |      0 |      0 |      0 |   1 |   84.0 |
               +--------+--------+--------+--------+--------+-----+--------+

Top non-repeatable levels by time:
       D: 84 daAuts
